 Dungeon Crawl Stone Soup version 0.16.2-12-gd0ad4c3 (webtiles) character file.

76 SlimeFever the Stinger (level 4, -14/34 HPs)
             Began as a Draconian Venom Mage on Sept 28, 2015.
             Demolished by an ogre
             ... wielding a cursed +0 giant club
              (26 damage)
             ... on level 3 of the Dungeon.
             The game lasted 00:19:08 (1548 turns).

SlimeFever the Stinger (Draconian Venom Mage)       Turns: 1548, Time: 00:19:08

Health: -14/34     AC: 11    Str: 11    XL:     4   Next: 12%
Magic:  5/7        EV: 12    Int: 15    God:
Gold:   93         SH:  0    Dex: 12    Spells: 2 memorised, 4 levels left

rFire  . . .     SeeInvis +     d - +2 short sword (protect)
rCold  . . .     Clarity  .     (armour unavailable)
rNeg   . . .     SustAb   .     (no shield)
rPois  .         Gourm    .     (helmet restricted)
rElec  .         Spirit   .     p - +0 cloak
rCorr  .         Warding  .     (no gloves)
rMut   .         Stasis   .     (no boots)
MR     .....                    (no amulet)
Stlth  ++........               (no ring)
                                h - ring of see invisible

@: not resistant to hostile enchantments, unstealthy
A: unfitting armour, cold-blooded, AC +5
a: no special abilities


You were on level 3 of the Dungeon.
You were not hungry.

You visited 1 branch of the dungeon, and saw 3 of its levels.

You collected 93 gold pieces.

Inventory:

Hand weapons
 d - a +2 short sword of protection (weapon)
 e - a +0 club
 k - a +0 dagger
 m - a +0 short sword
Missiles
 g - 34 arrows
 i - 22 arrows of frost
Armour
 p - a +0 cloak (worn)
Jewellery
 h - a ring of see invisible (left hand)
Scrolls
 a - a scroll of recharging {unknown}
 f - a scroll of identify
 j - 2 scrolls of remove curse
 o - a scroll of teleportation
Potions
 l - a potion of invisibility {unknown}
 n - a potion of lignification
 q - a potion of poison
Books
 b - a Young Poisoner's Handbook

   Spells                             Type                      Level
   a - Sting                          Conjuration/Poison           1
   b - Cure Poison                    Poison                       2
   c - Mephitic Cloud                 Conjuration/Poison/Air       3
   d - Olgreb's Toxic Radiance        Poison                       4
   e - Venom Bolt                     Conjuration/Poison           5
Comestibles
 r - 4 fruits


   Skills:
 + Level 0.7 Fighting
 + Level 0.4 Short Blades
 + Level 2.2 Dodging
 + Level 2.0 Stealth
 + Level 2.2 Spellcasting
 * Level 5.0 Poison Magic


You had 4 spell levels left.
You knew the following spells:

 Your Spells              Type           Power        Failure   Level  Hunger
a - Sting                 Conj/Pois      #...         10%         1    #......
b - Cure Poison           Pois           ###.......   4%          2    ###....


Dungeon Overview and Level Annotations

Branches:
Dungeon (3/15)

Altars:


Innate Abilities, Weirdness & Mutations

Your plain brown scales are hard (AC +5).
Your body does not fit into most forms of armour.
Your cold-blooded metabolism reacts poorly to cold.


Message History

Ouch! That really hurt!
You hit the ogre.
The ogre is heavily wounded.
The ogre looks more healthy.
The ogre hits you with a giant club.
You hit the ogre but do no damage. You tail-slap the ogre.
The ogre is heavily wounded.
You hit the ogre.
The ogre is heavily wounded.
The ogre misses you.
You hit the ogre. You tail-slap the ogre.
The ogre is severely wounded.
The ogre closely misses you.
You hit the ogre.
The ogre is almost dead.
The ogre barely misses you.
You hit the ogre.
The ogre is almost dead.
The ogre hits you with a giant club!!
Ouch! That really hurt!
You die...

# .. .# ##
.# #. .#
..####.#.###
...).......
#...O.# #@.#
##....#
.#..... #.
.... .# #..
##


You could see an ogre.

Vanquished Creatures
  An adder (D:2)
  3 worms (D:2)
  A giant gecko (D:1)
  2 giant cockroaches (D:2)
  2 goblins (D:2)
  9 hobgoblins
  7 jackals (D:2)
  3 kobolds
  A quokka (D:2)
  9 bats
  10 rats
48 creatures vanquished.

Notes
Turn   | Place    | Note
--------------------------------------------------------------
     0 | D:1      | SlimeFever, the Draconian Venom Mage, began the quest for the Orb.
     0 | D:1      | Reached XP level 1. HP: 14/14 MP: 3/3
   249 | D:1      | Reached XP level 2. HP: 20/20 MP: 0/4
   880 | D:2      | Learned a level 2 spell: Cure Poison
   899 | D:2      | Reached XP level 3. HP: 26/26 MP: 1/6
  1223 | D:2      | Reached XP level 4. HP: 34/34 MP: 1/7
  1240 | D:2      | Reached skill level 5 in Poison Magic
  1538 | D:3      | Noticed an ogre
  1548 | D:3      | Demolished by an ogre

Action                   |  1- 3 |  4- 6 || total
-------------------------+-------+-------++-------
Melee: Unarmed           |    18 |       ||    18
       Club              |     4 |       ||     4
       Short sword       |    79 |    11 ||    90
 Cast: Sting             |    42 |     7 ||    49
  Use: Scroll            |     4 |     2 ||     6
       Potion            |     1 |       ||     1
  Eat: Beef jerky        |     1 |       ||     1
       Bread ration      |       |     1 ||     1
